 Dungeon Crawl Stone Soup version 0.30-a0-177-g1cb5dbfd7a (webtiles) character file.

Game seed: 2708398683369235462

1949 Zonian the Covert (level 9, -14/47 HPs)
             Began as a Vine Stalker Brigand on Oct 2, 2022.
             Demolished by a wyvern (18 damage)
             ... on level 7 of the Dungeon.
             The game lasted 00:13:22 (6919 turns).

Zonian the Covert (Vine Stalker Brigand)            Turns: 6919, Time: 00:13:24

Health: -14/47     AC:  4    Str: 21    XL:     9   Next: 18%
Magic:  0/10       EV: 14    Int: 11    God:
Gold:   425        SH:  0    Dex: 19    Spells: 8/8 levels left

rFire   . . .      SeeInvis +    s - +4 dagger (elec)
rCold   . . .      Faith    .    (no shield)
rNeg    . . .      Spirit   +    b - +0 robe
rPois   .          Reflect  .    (no helmet)
rElec   .          Harm     .    c - +1 cloak
rCorr   .          Rampage  .    (no gloves)
Will    +....                    (no boots)
Stlth   ++++......               (no amulet)
HPRegen 1.07/turn                o - ring of see invisible
MPRegen 0.12/turn                h - +6 ring of strength

@: hasted, very quick
A: fangs 3, regeneration 1, magic shield, antimagic bite, no potion heal 2
a: no special abilities


You were on level 7 of the Dungeon.
You visited 1 branch of the dungeon, and saw 7 of its levels.
You also visited: Ossuary.

You collected 425 gold pieces.

Inventory:

Hand Weapons
 a - a +2 dagger
 s - a +4 dagger of electrocution (weapon)
 x - a +0 rapier
Missiles
 d - 13 poisoned darts (quivered)
 e - 2 curare-tipped darts
 n - a throwing net
 v - 2 atropa-tipped darts
Armour
 b - a +0 robe (worn)
 c - a +1 cloak (worn)
 r - a scarf of invisibility
Jewellery
 h - a +6 ring of strength (right hand)
 l - a ring of protection from fire
 o - a ring of see invisible (left hand)
Wands
 j - a wand of light (12)
 z - a wand of paralysis (3)
Scrolls
 m - 4 scrolls of immolation
 p - a scroll of poison
 A - 3 scrolls of enchant armour
Potions
 f - a potion of ambrosia
 i - 2 potions of might
 k - a potion of magic
 q - a potion of mutation
 u - a potion of invisibility {unknown}
 w - 4 potions of flight
 B - 3 potions of attraction {unknown}
 D - 3 potions of curing
 E - a potion of brilliance {unknown}


   Skills:
 + Level 5.0 Fighting
 + Level 5.0 Short Blades
 + Level 5.1 Throwing
 + Level 4.3 Dodging
 + Level 8.4 Stealth


You had 8 spell levels left.
You didn't know any spells.
Your spell library contained the following spells:

 Spells                   Type           Power      Damage    Failure   Level
 Blink                    Tloc           0%         N/A       47%         2
 Momentum Strike          Conj/Tloc      0%         3d8       47%         2
 Gell's Gravitas          Tloc           0%         N/A       71%         3
 Ignite Poison            Fire/Tmut/Pois 0%         N/A       71%         3
 Kindle Blastsparks       Fire/Tloc/Air  0%         2d10      71%         3
 Lesser Beckoning         Tloc           0%         N/A       71%         3
 Mephitic Cloud           Conj/Pois/Air  0%         N/A       71%         3
 Teleport Other           Tloc           0%         N/A       71%         3
 Freezing Cloud           Conj/Ice/Air   0%         6-21      100%        5
 Summon Forest            Summ/Tloc      0%         N/A       100%        5
 Dispersal                Tloc           0%         N/A       100%        6
 Eringya's Noxious Bog    Tmut/Pois      0%         N/A       100%        6
 Summon Hydra             Summ           0%         N/A       100%        7


Dungeon Overview and Level Annotations

Branches:
Dungeon (7/15)             Temple (0/1) D:7         Ossuary (visited)

Altars:
Hepliaklqana
The Shining One

Shops:
D:2 ?[


Innate Abilities, Weirdness & Mutations

You have razor-sharp teeth.
Your natural rate of healing is unusually fast.
When hurt, damage is shared between your health and your magic reserves.
Your bite disrupts and absorbs the magic of your enemies.
Potions cannot restore your health.


Message History

The orc closely misses you.
You hit the wyvern but do no damage. Lightning courses through the wyvern!
Your bite misses the wyvern.
The wyvern is heavily wounded.
The wyvern barely misses you.
Unknown command.
You barely miss the wyvern.
The wyvern is heavily wounded.
A kobold comes into view. It is wielding a +0 short sword.
The orc hits you but does no damage. The wyvern bites you!
Unknown command.
Okay, then.
Magic courses through your body. The wyvern bites you.
The kobold brigand hits you with a +0 whip.
* * * LOW HITPOINT WARNING * * *
The orc closely misses you.
Unknown command.
You hit the wyvern but do no damage.
The wyvern is heavily wounded.
The wyvern bites you but does no damage.
The kobold hits you but does no damage.
The kobold brigand hits you with a +0 whip.
* * * LOW HITPOINT WARNING * * *
The orc barely misses you.
Okay, then.
You feel yourself speed up. The wyvern bites you!
* * * LOW HITPOINT WARNING * * *
The wyvern completely misses you. The kobold hits you but does no damage.
The kobold brigand closely misses you. The orc hits you with a +0 trident.
* * * LOW HITPOINT WARNING * * *
Unknown command.
The wyvern closely misses you. The orc misses you.
There is an open door here.
Aiming: Bolt of Light
Press: ? - help, Shift-Dir - straight line, f - wyvern
Aim: a wyvern (heavily wounded, 71% to hit)
The bolt of light hits the wyvern.
The wyvern is severely wounded.
The wyvern is blinded.
The wyvern bites you!!
You die...

.##.8.8.#.#....#
.c+.)_..'.'....# ..
.##.8.8.#.#....# ..
..#..)..###....#####.
..###'###...........#
....................# .
....................# '.
.##+#...............# .#
^'..#...........@...#'###
.#..#############l#......
.#...........#..).#......
.#####.......'...Ko......
.
.....#..###..###.K#......
o. .....#### ##'#
#..#....## #.. .....#
....#..# ...# #.o #....#
.....'..' ...# o.. ....#
#.##'##'##. ..# .8.


You could see a wyvern (blind), a kobold brigand, an orc and a kobold.

Vanquished Creatures
  Prince Ribbit (D:5)
  An ice beast (D:5)
  3 sky beasts
  4 ogres
  A centaur (D:6)
  3 necrophages
  A scorpion (D:5)
  3 water moccasin zombies (Ossuary)
  2 howler monkeys
  A jelly (D:6)
  A hound (D:5)
  An orc priest (D:7)
  4 orc wizards
  2 mummies (Ossuary)
  4 gnolls (D:5)
  8 adders
  A shadow imp (D:6)
  5 adder zombies (Ossuary)
  2 worms (D:2)
  4 dart slugs
  18 orcs
  7 bats
  5 endoplasms
  6 giant cockroaches
  7 goblins
  8 hobgoblins
  12 jackals
  8 quokkas
  6 ball pythons
  8 frilled lizards
  5 gnoll zombies (Ossuary)
  3 hobgoblin zombies (Ossuary)
  4 kobolds
  9 kobold zombies (Ossuary)
  3 orc zombies (Ossuary)
  7 rats
168 creatures vanquished.

Vanquished Creatures (collateral kills)
  An orc (D:4)
1 creature vanquished.

Vanquished Creatures (others)
  7 plants (D:3)
7 creatures vanquished.

Grand Total: 176 creatures vanquished

Notes
Turn   | Place    | Note
-------+----------+-------------------------------------------
     0 | D:1      | Zonian the Vine Stalker Brigand began the quest for the
                  | Orb.
     0 | D:1      | Reached XP level 1. HP: 11/11 MP: 2/2
    13 | D:1      | Found a faded altar of an unknown god.
   152 | D:1      | Reached skill level 1 in Dodging
   152 | D:1      | Reached XP level 2. HP: 15/15 MP: 3/3
   167 | D:1      | Reached skill level 5 in Stealth
   599 | D:1      | Reached XP level 3. HP: 14/18 MP: 4/4
  1176 | D:2      | Gained mutation: Your natural rate of healing is unusually
                  | fast. [Vine Stalker growth]
  1176 | D:2      | Reached XP level 4. HP: 23/23 MP: 5/5
  2008 | D:2      | Found Weyniovu's Magic Scroll Shop.
  2116 | D:2      | Found Unuboep's Armour Boutique.
  2468 | D:3      | Reached XP level 5. HP: 21/27 MP: 4/6
  3609 | D:4      | Reached XP level 6. HP: 32/32 MP: 1/7
  4041 | D:4      | You fall into a shaft and drop 1 floor!
  4041 | D:5      | Entered Level 5 of the Dungeon
  4159 | D:5      | Reached skill level 6 in Stealth
  4459 | D:5      | Reached XP level 7. HP: 31/36 MP: 4/8
  4697 | D:5      | Noticed Prince Ribbit
  4732 | D:5      | Killed Prince Ribbit
  4733 | D:5      | Reached skill level 7 in Stealth
  4733 | D:5      | Gained mutation: You have razor-sharp teeth. [Vine Stalker
                  | growth]
  4733 | D:5      | Reached XP level 8. HP: 42/42 MP: 9/9
  4907 | D:5      | Found a glowing golden altar of the Shining One.
  5255 | D:6      | Found a sand-covered staircase.
  5273 | Ossuary  | Entered an ossuary
  5990 | D:6      | Reached skill level 8 in Stealth
  6330 | D:7      | Reached XP level 9. HP: 46/46 MP: 10/10
  6408 | D:7      | Found a staircase to the Ecumenical Temple.
  6420 | D:7      | Reached skill level 5 in Throwing
  6420 | D:7      | HP: 2/46 [kobold brigand/+0 whip (7)]
  6710 | D:7      | Found a hazy altar of Hepliaklqana.
  6716 | D:7      | Reached skill level 5 in Fighting
  6896 | D:7      | Reached skill level 5 in Short Blades
  6915 | D:7      | HP: 2/47 [wyvern (9)]
  6919 | D:7      | Demolished by a wyvern

Illustrated notes

Levels and vault maps discovered:
D:1:      dpeg_arrival_rhombus, layout_basic,
          shapermc_ecumenical_altar_mp_highgroup
D:2:      layout_loops_ring, serial_shops, nicolae_shop_stone, shop,
          minmay_nonomino_d4
D:3:      layout_rooms, serial_forest, infiniplex_forest_clump_curved,
          infiniplex_forest_straight_1, infiniplex_forest_clump_curved,
          infiniplex_forest_lined_4_way, infiniplex_forest_lined_corner,
          infiniplex_forest_clump_long
D:4:      layout_cave_pods
D:5:      dreamdust_elfheim, layout_layer_cave, mainiacjoe_overflow_alcove_2,
          nicolae_figureground_pulse, uniq_prince_ribbit1
D:6:      layout_loops_ring, chequers_ossuary_entry_cave
D:7:      layout_gridville, kennysheep_little_box, zin_scriptorium,
          minmay_temple_entry_statues_fountains, minmay_ruined_shrine,
          uniq_joseph, uniq_duvessa

Skill      XL: |  1  2  3  4  5  6  7  8  9 |
---------------+----------------------------+-----
Dodging        | 1 2 3 4 |  4.3
Fighting       | 2 3 4 5 |  5.0
Stealth        | 5 6 7 8 |  8.4
Short Blades   | 2 3 4 5 |  5.0
Throwing       | 2 3 4 5 |  5.1

Action                   |  1- 3 |  4- 6 |  7- 9 || total
-------------------------+-------+-------+-------++-------
Melee: Dagger            |    82 |   238 |   191 ||   511
       Bite              |    17 |    58 |    60 ||   135
       Punch             |       |       |     3 ||     3
Throw: Dart              |       |    17 |    43 ||    60
       Throwing net      |       |       |     1 ||     1
Evoke: Wand              |       |       |     1 ||     1
  Use: Scroll            |       |    17 |     9 ||    26
       Potion            |       |     2 |     3 ||     5
 Stab: Sleeping          |    11 |     9 |    10 ||    30
       Distracted        |       |       |     1 ||     1
Armor: Robe              |    18 |    63 |    29 ||   110
       Skin              |       |     4 |       ||     4
Dodge: Dodged            |    59 |   161 |   129 ||   349

Table legend: (Time is in decaauts)
 A = Elapsed time spent in this place.
 B = Non-inter-level travel time spent in this place.
 C = Inter-level travel time spent in this place.
 D = Time resting spent in this place.
 E = Time spent auto-exploring this place.
 F = Levels seen in this place.
 G = Mean time per level.
                   A        B        C        D        E       F      G
               +--------+--------+--------+--------+--------+-----+--------+
         Total |   6826 |   6637 |    189 |   1609 |   3499 |   8 |  853.2 |
       Dungeon |   6543 |   6354 |    189 |   1503 |   3499 |   7 |  934.7 |
       Ossuary |    282 |    282 |      0 |    106 |      0 |   1 |  282.0 |
               +--------+--------+--------+--------+--------+-----+--------+

Top non-repeatable levels by time:
     D:2: 1276 daAuts
     D:1: 1037 daAuts
     D:5: 1013 daAuts
     D:4: 962 daAuts
     D:6: 834 daAuts
     D:3: 822 daAuts
     D:7: 597 daAuts
 Ossuary: 282 daAuts
